 Dungeon Crawl Stone Soup version 0.29.1-12-g30fa7ad0bf (webtiles) character file.

Game seed: 12609283368395551245

870 wormed the Skirmisher (level 8, -6/63 HPs)
             Began as a Gnoll Hunter on Dec 25, 2022.
             Was a Follower of Okawaru.
             Mangled by an orc warrior
             ... wielding a +0 dire flail
              (15 damage)
             ... on level 5 of the Dungeon.
             The game lasted 00:06:07 (3818 turns).

wormed the Skirmisher (Gnoll Hunter)                Turns: 3818, Time: 00:06:08

Health: -6/63      AC:  7    Str: 11    XL:     8   Next: 3%
Magic:  0/12       EV: 14    Int:  9    God:    Okawaru [*.....]
Gold:   127        SH:  0    Dex: 17    Spells: 13/13 levels left

rFire   + . .      SeeInvis .   f - +2 sling (freeze)
rCold   . . .      Faith    .   (no shield)
rNeg    + . .      Spirit   +   o - +2 leather armour {rF+}
rPois   .          Reflect  .   h - +2 hat {Stlth+}
rElec   .          Harm     .   (no cloak)
rCorr   .          Rampage  .   (no gloves)
Will    .....                   (no boots)
Stlth   +++.......              i - amulet of guardian spirit
HPRegen 0.20/turn               t - ring of positive energy
MPRegen 0.13/turn               (no ring)

@: attractive
A: fangs 1, strong nose, distributed training
a: Renounce Religion, Heroism


You were on level 5 of the Dungeon.
You worshipped Okawaru.
Okawaru was aware of your devotion.
You visited 1 branch of the dungeon, and saw 5 of its levels.

You collected 277 gold pieces.
You spent 150 gold pieces at shops.

Inventory:

Hand Weapons
 a - a +0 shortbow
 f - a +2 sling of freezing (weapon)
 j - a +2 vampiric short sword
Armour
 c - a +0 leather armour
 h - a +2 hat of stealth (worn)
 o - a +2 leather armour of fire resistance (worn)
Jewellery
 i - an amulet of guardian spirit (around neck)
 t - a ring of positive energy (left hand)
Wands
 v - a wand of flame (12) (quivered)
 x - a wand of polymorph (13)
Scrolls
 b - a scroll of immolation
 d - 5 scrolls of teleportation {unknown}
 e - 4 scrolls of identify {unknown}
 l - a scroll of vulnerability {unknown}
 p - 2 scrolls of amnesia {unknown}
 s - a scroll of enchant armour {unknown}
 u - a scroll of brand weapon {unknown}
 w - a scroll of torment {unknown}
Potions
 g - a potion of mutation {unknown}
 k - 2 potions of degeneration {unknown}
 m - 2 potions of invisibility {unknown}
 n - a potion of curing {unknown}
 q - a potion of haste {unknown}
 r - a potion of attraction


   Skills:
 + Level 5.5 Fighting
 + Level 3.0 Short Blades
 + Level 3.0 Long Blades
 + Level 3.0 Axes
 + Level 3.0 Maces & Flails
 + Level 3.0 Polearms
 + Level 3.0 Staves
 + Level 9.1 Ranged Weapons
 + Level 3.0 Throwing
 + Level 3.0 Armour
 + Level 5.5 Dodging
 + Level 3.9 Stealth
 + Level 3.0 Shields
 + Level 3.0 Unarmed Combat
 + Level 3.0 Spellcasting
 + Level 2.4 Conjurations
 + Level 2.4 Hexes
 + Level 2.4 Summonings
 + Level 2.4 Necromancy
 + Level 2.4 Translocations
 + Level 2.4 Transmutations
 + Level 2.4 Fire Magic
 + Level 2.4 Ice Magic
 + Level 2.4 Air Magic
 + Level 2.4 Earth Magic
 + Level 2.4 Poison Magic
 + Level 3.3 Invocations
 + Level 3.0 Evocations


You had 13 spell levels left.
You didn't know any spells.
Your spell library contained the following spells:

 Spells                   Type           Power      Damage    Failure   Level
 Apportation              Tloc           10%        N/A       14%         1
 Necrotise                Necr           20%        1d5       14%         1
 Sting                    Tmut/Pois      20%        1d4       14%         1
 Poisonous Vapours        Pois/Air       10%        N/A       22%         2
 Olgreb's Toxic Radiance  Pois           5%         N/A       80%         4
 Summon Small Mammal      Summ           Unusable   N/A       N/A         1

Dungeon Overview and Level Annotations

Branches:
Dungeon (5/15)             Temple (0/1) D:5

Altars:
Ashenzari
Dithmenos
Kikubaaqudgha
Makhleb
Okawaru
Ru
Trog
Vehumet
Wu Jian
Yredelemnul
The Shining One

Shops:
D:4 *


Innate Abilities, Weirdness & Mutations

You have very sharp teeth.
Your uncanny sense of smell can sniff out nearby items.
Your experience applies equally to all skills.


Message History

The puff of flame hits the orc warrior but does no damage.
The orc warrior is heavily wounded.
The orc warrior misses you.
Aiming: Throw Flame
Press: ? - help, Q - select action, (/) - cycle Shift-Dir - straight line, f/p - orc warrior
Aim: an orc warrior, wielding a +0 dire flail, wearing a +0 plate armour and quivering poisoned darts (heavily wounded, 71% to hit)
The puff of flame hits the orc warrior.
The orc warrior is severely wounded.
The orc warrior hits you with a +0 dire flail!
Aiming: Throw Flame
Press: ? - help, Q - select action, (/) - cycle Shift-Dir - straight line, f/p - orc warrior
Aim: an orc warrior, wielding a +0 dire flail, wearing a +0 plate armour and quivering poisoned darts (severely wounded, 71% to hit)
The puff of flame hits the orc warrior.
The orc warrior is almost dead.
The orc warrior misses you.
Aiming: Throw Flame
Press: ? - help, Q - select action, (/) - cycle Shift-Dir - straight line, f/p - orc warrior
Aim: an orc warrior, wielding a +0 dire flail, wearing a +0 plate armour and quivering poisoned darts (almost dead, 71% to hit)
The puff of flame hits the orc warrior.
The orc warrior is almost dead.
The orc warrior hits you with a +0 dire flail!
* * * LOW HITPOINT WARNING * * *
Aiming: Throw Flame
Press: ? - help, Q - select action, (/) - cycle Shift-Dir - straight line, f/p - orc warrior
Aim: an orc warrior, wielding a +0 dire flail, wearing a +0 plate armour and quivering poisoned darts (almost dead, 71% to hit)
The puff of flame hits the orc warrior but does no damage.
The orc warrior is almost dead.
The orc warrior misses you.
Aiming: Throw Flame
Press: ? - help, Q - select action, (/) - cycle Shift-Dir - straight line, f/p - orc warrior
Aim: an orc warrior, wielding a +0 dire flail, wearing a +0 plate armour and quivering poisoned darts (almost dead, 71% to hit)
The puff of flame misses the orc warrior.
The puff of flame hits the orc priest.
The orc priest is severely wounded.
The orc warrior hits you with a +0 dire flail.
* * * LOW HITPOINT WARNING * * *
It was a potion of attraction.
You feel attractive to monsters.
The orc warrior hits you with a +0 dire flail!
You die...

#.###_..._##..# #.#
....############## #.# #..## #.#
#.....# #.## .)## #.# #.....#
#..# ..8## #.# #.....# ##.# ....#
#.# #.....# #####.### >.).###.#
#.....# #.......# ..8#....#
###.######.###.#.# ..####..#
#..@oo##.##....# #.##....#
#####o##.##.#..# #......######
#.##.##....# #..#........#
#.##.......# #......#.##.#
#o#####.####
##.#....#.#.######o#####...##
.......###..##............<.##
..#...## ##........###....<..####
..##...###..#...#####............


You could see an orc warrior, an orc priest and an orc.

Vanquished Creatures
  Menkaure (D:4)
  A black bear (D:4)
  An ogre (D:5)
  A phantom (D:4)
  A necrophage (D:5)
  A crimson imp (D:4)
  A jelly (D:5)
  An orc priest (D:5)
  Terence (D:3)
  An iguana (D:4)
  Natasha (thrice) (D:3)
  An orc wizard (D:3)
  Robin (D:3)
  5 adders
  A white imp (D:5)
  An ufetubus (D:5)
  2 worms
  A dart slug (D:1)
  11 orcs
  7 bats
  7 endoplasms
  3 giant cockroaches
  15 goblins
  7 hobgoblins
  7 jackals
  6 quokkas
  7 ball pythons
  3 frilled lizards
  3 goblin zombies (D:4)
  3 hobgoblin zombies (D:4)
  10 kobolds
  An orc skeleton (D:4)
  An orc zombie (D:4)
  5 rats (D:1)
121 creatures vanquished.

Notes
Turn   | Place    | Note
-------+----------+-------------------------------------------
     0 | D:1      | wormed the Gnoll Hunter began the quest for the Orb.
     0 | D:1      | Reached XP level 1. HP: 20/20 MP: 1/1
    65 | D:1      | Reached XP level 2. HP: 16/26 MP: 2/2
   479 | D:1      | Reached XP level 3. HP: 31/31 MP: 3/3
   740 | D:2      | Reached skill level 1 in Invocations
   775 | D:2      | Reached skill level 1 in Short Blades
   775 | D:2      | Reached skill level 1 in Long Blades
   775 | D:2      | Reached skill level 1 in Axes
   775 | D:2      | Reached skill level 1 in Maces & Flails
   775 | D:2      | Reached skill level 1 in Polearms
   775 | D:2      | Reached skill level 1 in Staves
   775 | D:2      | Reached skill level 1 in Throwing
   775 | D:2      | Reached skill level 1 in Armour
   775 | D:2      | Reached skill level 1 in Shields
   775 | D:2      | Reached skill level 1 in Unarmed Combat
   775 | D:2      | Reached skill level 1 in Spellcasting
   775 | D:2      | Reached skill level 1 in Evocations
   805 | D:2      | Reached XP level 4. HP: 38/38 MP: 5/5
  1135 | D:2      | Reached skill level 1 in Conjurations
  1135 | D:2      | Reached skill level 1 in Hexes
  1135 | D:2      | Reached skill level 1 in Summonings
  1135 | D:2      | Reached skill level 1 in Necromancy
  1135 | D:2      | Reached skill level 1 in Translocations
  1135 | D:2      | Reached skill level 1 in Transmutations
  1135 | D:2      | Reached skill level 1 in Fire Magic
  1135 | D:2      | Reached skill level 1 in Ice Magic
  1135 | D:2      | Reached skill level 1 in Air Magic
  1135 | D:2      | Reached skill level 1 in Earth Magic
  1135 | D:2      | Reached skill level 1 in Poison Magic
  1294 | D:3      | Noticed Natasha
  1298 | D:3      | Killed Natasha
  1587 | D:3      | Noticed Terence
  1596 | D:3      | Killed Terence
  1597 | D:3      | Reached XP level 5. HP: 26/43 MP: 5/7
  1763 | D:3      | Noticed Natasha
  1769 | D:3      | Killed Natasha
  1884 | D:3      | Noticed Robin
  1892 | D:3      | Noticed Natasha
  1900 | D:3      | Killed Natasha
  1901 | D:3      | Reached XP level 6. HP: 43/50 MP: 8/8
  1911 | D:3      | Killed Robin
  2141 | D:3      | Reached skill level 5 in Fighting
  2141 | D:3      | Reached skill level 5 in Dodging
  2471 | D:4      | Found a glowing golden altar of the Shining One.
  2552 | D:4      | Found an ancient bone altar of Kikubaaqudgha.
  2568 | D:4      | Found a bloodstained altar of Trog.
  2577 | D:4      | Noticed a black bear
  2585 | D:4      | Killed a black bear
  2586 | D:4      | Reached XP level 7. HP: 56/56 MP: 10/10
  2675 | D:4      | Found a burning altar of Makhleb.
  2735 | D:4      | Found a radiant altar of Vehumet.
  2766 | D:4      | Identified the +3 dagger "Zah Cen" {pain, rPois SInv
                  | Stlth-}
  2772 | D:4      | Found a shadowy altar of Dithmenos.
  2772 | D:4      | Found an iron altar of Okawaru.
  2780 | D:4      | Found a broken altar of Ashenzari.
  2782 | D:4      | Found a faded altar of an unknown god.
  2783 | D:4      | Found an ornate altar of the Wu Jian Council.
  2793 | D:4      | Became a worshipper of Warmaster Okawaru
  3090 | D:4      | Found Suunnisch's Assorted Antiques.
  3098 | D:4      | Bought a knobbly agate ring for 150 gold pieces
  3127 | D:4      | Noticed Menkaure
  3135 | D:4      | Killed Menkaure
  3136 | D:4      | Reached skill level 9 in Ranged Weapons
  3350 | D:5      | Entered Level 5 of the Dungeon
  3544 | D:5      | Found a sacrificial altar of Ru.
  3544 | D:5      | Found a basalt altar of Yredelemnul.
  3609 | D:5      | Found a staircase to the Ecumenical Temple.
  3739 | D:5      | Reached * piety under Okawaru
  3740 | D:5      | Reached XP level 8. HP: 63/63 MP: 12/12
  3818 | D:5      | Mangled by an orc warrior

Illustrated notes

Levels and vault maps discovered:
D:1:      dpeg_arrival_leaves_temple_mockup, layout_basic
D:2:      layout_basic, minmay_between
D:3:      layout_loops_ring, chequers_serial_rivers_micro_e,
          ebering_dispersal_statue_hall, kennysheep_nub, uniq_robin,
          uniq_natasha, uniq_terence
D:4:      layout_layer_cave, chequers_temple_overflow_minitemple,
          mainiacjoe_overflow_catch_the_wave, mainiacjoe_overflow_tiny_flanked,
          mainiacjoe_overflow_alcove_1, nicolae_tso_besieged_by_evil,
          serial_shops, shop, uniq_menkaure
D:5:      layout_loops_cross, gammafunk_temple_overflow_elements,
          minmay_temple_entry_waves, st_stairs_6

Skill      XL: |  1  2  3  4  5  6  7 |
---------------+----------------------+-----
Invocations    | 1 2 3 |  3.3
Short Blades   | 1 2 3 |  3.0
Long Blades    | 1 2 3 |  3.0
Axes           | 1 2 3 |  3.0
Maces & Flails | 1 2 3 |  3.0
Polearms       | 1 2 3 |  3.0
Staves         | 1 2 3 |  3.0
Throwing       | 1 2 3 |  3.0
Armour         | 1 2 3 |  3.0
Shields        | 1 2 3 |  3.0
Unarmed Combat | 1 2 3 |  3.0
Spellcasting   | 1 2 3 |  3.0
Evocations     | 1 2 3 |  3.0
Conjurations   | 1 2 |  2.4
Hexes          | 1 2 |  2.4
Summonings     | 1 2 |  2.4
Necromancy     | 1 2 |  2.4
Translocations | 1 2 |  2.4
Transmutations | 1 2 |  2.4
Fire Magic     | 1 2 |  2.4
Ice Magic      | 1 2 |  2.4
Air Magic      | 1 2 |  2.4
Earth Magic    | 1 2 |  2.4
Poison Magic   | 1 2 |  2.4
Stealth        | 3 |  3.9
Fighting       | 5 |  5.5
Dodging        | 5 |  5.5
Ranged Weapons | 9 |  9.1

Action                   |  1- 3 |  4- 6 |  7- 9 || total
-------------------------+-------+-------+-------++-------
 Fire: Shortbow          |    28 |       |       ||    28
       Sling             |    54 |   149 |    95 ||   298
Evoke: Wand              |       |       |     7 ||     7
  Use: Potion            |       |       |     1 ||     1
Armor: Leather armour    |     3 |    10 |    10 ||    23
Dodge: Dodged            |    17 |    23 |    33 ||    73
